 Dungeon Crawl Stone Soup version 0.20.1-1-g8b1a95d (webtiles) character file.

537 Linguinho the Sneak (level 7, -4/50 HPs)
             Began as a Demonspawn Assassin on Oct 30, 2017.
             Killed by divine providence
             ... invoked by an orc priest
              (15 damage)
             ... on level 4 of the Dungeon.
             The game lasted 00:15:09 (5049 turns).

Linguinho the Sneak (Demonspawn Assassin)           Turns: 5049, Time: 00:15:10

Health: -4/50      AC:  3    Str: 14    XL:     7   Next: 5%
Magic:  7/7        EV: 12    Int: 12    God:
Gold:   256        SH:  4    Dex: 14    Spells: 6/6 levels left

rFire    . . .     SeeInvis .   D - +3 quarterstaff (chaos)
rCold    + . .     Gourm    .   (shield currently unavailable)
rNeg     . . .     Faith    .   c - +0 robe
rPois    .         Spirit   .   (no helmet)
rElec    .         Reflect  .   d - +0 cloak
rCorr    .         Harm     .   (no gloves)
MR       .....                  (no boots)
Stlth    +++.......             (no amulet)
Regen    0.2/turn               (no ring)
MPRegen  0.1/turn               (no ring)

@: no status effects
A: claws 1, large bone plates 1, cold resistance 1, spiny 2
a: no special abilities


You were on level 4 of the Dungeon.
You were not hungry.

You visited 1 branch of the dungeon, and saw 4 of its levels.
You also visited: Ossuary.

You collected 256 gold pieces.

Inventory:

Hand Weapons
 a - a +2 dagger
 b - a +0 blowgun
 D - a +3 quarterstaff of chaos (weapon)
 K - a +3 dagger
Missiles
 e - 37 poisoned needles
 f - 2 curare-tipped needles
Armour
 c - a +0 robe (worn)
 d - a +0 cloak (worn)
 i - a +0 pair of boots
 m - a +0 leather armour
 n - a +0 ring mail
 r - a +0 leather armour
 w - a +0 ring mail
 B - a +0 chain mail
 C - a +0 cloak
 E - a +2 cloak of invisibility
 F - a cursed +0 leather armour
 G - a cursed +0 leather armour
 H - a +0 scale mail
 I - a +0 chain mail
Jewellery
 z - an uncursed ring of resist corrosion {unknown}
Scrolls
 t - 2 scrolls of recharging {unknown}
 v - 2 scrolls of enchant weapon {unknown}
 x - 2 scrolls of fog {unknown}
 y - 5 scrolls of remove curse
 J - a scroll of magic mapping {unknown}
 L - a scroll of immolation {unknown}
 N - a scroll of teleportation
 O - a scroll of brand weapon {unknown}
 P - a scroll of enchant armour {unknown}
 Q - a scroll of identify {unknown}
Potions
 h - a potion of brilliance {unknown}
 j - 3 potions of curing {unknown}
 k - a potion of berserk rage {unknown}
 l - a potion of haste {unknown}
 p - 3 potions of lignification {unknown}
 q - a potion of invisibility {unknown}
 u - 3 potions of mutation {unknown}
 M - a potion of flight {unknown}
Books
 A - a book of Changes

   Spells                             Type                      Level
   a - Beastly Appendage              Transmutation                1
   b - Sticks to Snakes               Transmutation                2
   c - Spider Form                    Transmutation/Poison         3
   d - Ice Form                       Ice/Transmutation            4
   e - Blade Hands                    Transmutation                5
Comestibles
 g - a bread ration
 o - 4 royal jellies
 s - a fruit


   Skills:
 - Level 2.0 Fighting
 - Level 1.7 Short Blades
 * Level 4.0 Staves
 - Level 1.7 Throwing
 + Level 1.6 Dodging
 + Level 6.6 Stealth


You had 6 spell levels left.
You didn't know any spells.

Dungeon Overview and Level Annotations

Branches:
Dungeon (4/15)
 Temple: D:4-7

Altars:
Makhleb
Ru
The Shining One

Annotations:
D:3 AdmiralAndromeda's ghost, amateur MiFi


Innate Abilities, Weirdness & Mutations

You have sharp fingernails.
You are partially covered in large bone plates. (SH +4)
Your flesh is cold resistant. (rC+)
You are mostly covered in sharp spines.


Message History

The orc priest mumbles some strange prayers to Beogh against you.
Beogh smites you!
The orc priest shouts!
You closely miss the orc priest. The orc priest hits you with a whip.
You hit the orc priest.
The orc priest appears confused.
The orc priest is moderately wounded.
You block the orc priest's attack.
You strike the helpless orc priest from behind!
You thump the orc priest!
You kill the orc priest!
Your Staves skill increases to level 4!
You have reached level 7!
Your demonic ancestry asserts itself...
Sharp spines emerge from more of your body.
The orc priest calls down the wrath of Beogh upon you.
Beogh smites you!
* * * LOW HITPOINT WARNING * * *
The orc priest mumbles some strange prayers to Beogh against you.
Beogh smites you!
You die...

### ..# #.# #.#
##@# #..# #.## #
#.# #.# . #.# #.#
.# #.# #.####.##.
#.# #.#....... ####
#.# #o#.>..... ...#
#.########)#.......


You could see an orc priest.

Vanquished Creatures
  An ogre (D:4)
  A bullfrog zombie (D:4)
  Crazy Yiuf (D:2)
  An orc wizard (D:3)
  2 orc priests (D:4)
  3 big kobold zombies (Ossuary)
  2 mummies (Ossuary)
  A hound skeleton (D:4)
  A howler monkey zombie (D:4)
  A worker ant zombie (D:4)
  6 adders
  An ooze (D:2)
  9 adder zombies
  An adder skeleton (D:4)
  A worm (D:3)
  3 dart slugs (D:1)
  6 orcs (D:3)
  4 bats
  5 giant cockroaches
  A gnoll zombie (Ossuary)
  5 goblins
  9 hobgoblins
  2 quokkas
  3 ball pythons
  A frilled lizard (D:2)
  A goblin zombie (D:4)
  5 hobgoblin zombies (Ossuary)
  A jackal skeleton (D:4)
  12 kobolds
  6 kobold zombies (Ossuary)
  A quokka zombie (D:4)
  10 rats
107 creatures vanquished.

Notes
Turn   | Place    | Note
-------+----------+-------------------------------------------
     0 | D:1      | Linguinho the Demonspawn Assassin began the quest for the Orb.
     0 | D:1      | Reached XP level 1. HP: 16/16 MP: 1/1
   100 | D:1      | Reached skill level 4 in Stealth
   105 | D:1      | Gained mutation: You are partially covered in sharp spines. [demonic ancestry]
   105 | D:1      | Reached XP level 2. HP: 18/22 MP: 2/2
   713 | D:1      | Gained mutation: You have sharp fingernails. [demonic ancestry]
   713 | D:1      | Reached XP level 3. HP: 27/27 MP: 3/3
   900 | D:2      | Reached skill level 5 in Stealth
  1120 | D:2      | Found a runed door.
  1416 | D:2      | Reached XP level 4. HP: 20/33 MP: 4/4
  1603 | D:2      | Noticed Crazy Yiuf
  1607 | D:2      | Killed Crazy Yiuf
  1680 | D:3      | Reached skill level 1 in Dodging
  1927 | D:3      | Noticed an ogre
  2231 | D:3      | Reached skill level 6 in Stealth
  2239 | D:3      | Gained mutation: Your flesh is cold resistant. (rC+) [demonic ancestry]
  2239 | D:3      | Reached XP level 5. HP: 38/38 MP: 5/5
  2260 | D:3      | Found a sacrificial altar of Ru.
  2291 | D:3      | Noticed AdmiralAndromeda's ghost (amateur MiFi)
  2700 | D:3      | Found a burning altar of Makhleb.
  2729 | D:3      | Noticed a sky beast
  3246 | D:3      | Found a glowing golden altar of the Shining One.
  3468 | D:4      | Reached skill level 1 in Staves
  3573 | D:4      | Gained mutation: You are partially covered in large bone plates. (SH +4) [demonic ancestry]
  3573 | D:4      | Reached XP level 6. HP: 17/44 MP: 6/6
  3664 | D:4      | Found a glowing golden altar of the Shining One.
  3782 | D:4      | Found a sand-covered staircase.
  3838 | Ossuary  | Entered an ossuary
  5042 | D:4      | Gained mutation: You are mostly covered in sharp spines. [demonic ancestry]
  5042 | D:4      | Reached XP level 7. HP: 18/50 MP: 7/7
  5049 | D:4      | Killed from afar by an orc priest

Skill      XL: |  1  2  3  4  5  6 |
---------------+-------------------+-----
Stealth        | 4 5 6 |  6.6
Dodging        | 1 |  1.6
Staves         | 1 4 |  4.0
Fighting       | |  2.0
Short Blades   | |  1.7
Throwing       | |  1.7

Action                   |  1- 3 |  4- 6 |  7- 9 || total
-------------------------+-------+-------+-------++-------
Melee: Dagger            |    91 |     1 |       ||    92
       Quarterstaff      |       |   152 |       ||   152
  Use: Scroll            |       |     2 |       ||     2
 Stab: Sleeping          |     8 |    16 |       ||    24
       Distracted        |       |     2 |       ||     2
       Paralysed         |       |     4 |       ||     4
       Confused          |       |     1 |       ||     1
  Eat: Chunk             |       |     4 |       ||     4
       Bread ration      |       |     2 |       ||     2
Armor: Robe              |    15 |    27 |       ||    42
Dodge: Dodged            |    36 |    83 |       ||   119
Block: Other             |       |    17 |       ||    17
